 Dungeon Crawl Stone Soup version 0.18-a0-1299-ge3c6ce7 (webtiles) character file.

438 Oddball22 the Changer (level 6, -3/43 HPs)
             Began as a Demonspawn Transmuter on Feb 11, 2016.
             Was an Initiate of Sif Muna.
             Slain by FIQ's ghost (7 damage)
             ... on level 5 of the Dungeon.
             The game lasted 00:13:30 (5604 turns).

Oddball22 the Changer (Demonspawn Transmuter)       Turns: 5604, Time: 00:13:30

Health: -3/43      AC:  2    Str: 15    XL:     6   Next: 69%
Magic:  0/10       EV: 22    Int: 14    God:    Sif Muna [......]
Gold:   197        SH:  0    Dex: 21    Spells: 4 memorised, 0 levels left

rFire  + . .     SeeInvis .       - Unarmed
rCold  . . .     Gourm    .     (armour currently unavailable)
rNeg   . . .     Faith    .     (shield currently unavailable)
rPois  x         Spirit   +     (helmet currently unavailable)
rElec  .         Dismiss  .     (cloak currently unavailable)
rCorr  .         Reflect  .     (gloves currently unavailable)
SustAt .         Harm     .     (boots currently unavailable)
MR     .....                    i - amulet of guardian spirit
Stlth  ++........               o - ring of protection from fire
                                n - +5 ring of strength

@: spider-form (expiring), very slightly contaminated, not resistant to hostile
enchantments, unstealthy
A: (talons 0), (iridescent scales 0), rot immunity
a: End Transformation, Renounce Religion


You were on level 5 of the Dungeon.
You worshipped Sif Muna.
Sif Muna was noncommittal.
You were not hungry.
You were a venomous arachnid creature.
You visited 2 branches of the dungeon, and saw 6 of its levels.

You collected 197 gold pieces.

Inventory:

Missiles
 a - 52 arrows
Armour
 b - a +0 robe (melded)
 u - a +0 pair of boots (melded)
 v - the cursed +0 ring mail "Nutoemad" {rN+, unknown}
   (You found it on level 4 of the Dungeon)

   It protects you from negative energy.
   It has a curse placed upon it.
Jewellery
 i - an amulet of guardian spirit (around neck)
 n - a +5 ring of strength (left front leg)
 o - a ring of protection from fire (right front leg)
Wands
 w - a wand of random effects (21/48)
Scrolls
 e - a scroll of noise {unknown}
 f - 2 scrolls of blinking {unknown}
 g - a scroll of magic mapping {unknown}
 h - 3 scrolls of teleportation
 r - 3 scrolls of identify {unknown}
 s - a scroll of enchant armour {unknown}
 x - a scroll of fear {unknown}
 y - a scroll of amnesia {unknown}
 A - a scroll of remove curse
Potions
 j - a potion of invisibility {unknown}
 k - a potion of resistance {unknown}
 p - a potion of degeneration {unknown}
 q - a potion of magic {unknown}
Books
 c - a book of Changes

   Spells                             Type                      Level
   a - Beastly Appendage              Transmutation                1
   b - Sticks to Snakes               Transmutation                2
   c - Spider Form                    Transmutation/Poison         3
   d - Ice Form                       Ice/Transmutation            4
   e - Blade Hands                    Transmutation                5
 B - a book of Alchemy

   Spells                             Type                      Level
   a - Sublimation of Blood           Necromancy                   2
   b - Ignite Poison                  Fire/Transmutation/Poison    3
   c - Petrify                        Transmutation/Earth          4
   d - Alistair's Intoxication        Transmutation/Poison         5
   e - Irradiate                      Conjuration/Transmutation    5
Comestibles
 d - 5 bread rations
 l - 2 beef jerkies
 m - a royal jelly
 t - a fruit
 z - a meat ration


   Skills:
 - Level 1.0 Fighting
 - Level 3.4 Dodging
 - Level 3.7 Unarmed Combat
 * Level 2.9 Spellcasting
 + Level 4.6 Transmutations
 + Level 0.1 Ice Magic
 + Level 0.2 Poison Magic


You couldn't memorise any spells.
You knew the following spells:

 Your Spells              Type           Power        Failure   Level  Hunger
a - Beastly Appendage     Trmt           ###...       12%         1    #......
b - Sticks to Snakes      Trmt           ###.....     17%         2    ##.....
c - Spider Form           Trmt/Pois      #.........   45%         3    ###....
d - Ice Form              Ice/Trmt       #.......     93%         4    #####..


Dungeon Overview and Level Annotations

Branches:
Dungeon (5/15)             Temple (1/1) D:4

Altars:
Ashenzari
Dithmenos
Fedhas
Gozag
Kikubaaqudgha
Makhleb
Nemelex Xobeh
Okawaru
Pakellas
Qazlal
Ru
Sif Muna
Trog
Vehumet
Xom
Zin
The Shining One

Annotations:
D:5 FIQ's ghost, novice DsGl


Innate Abilities, Weirdness & Mutations

((You have sharp toenails.))
((You are mostly covered in iridescent scales (AC +6).))
You are immune to rotting.


Message History

FIQ's ghost is severely damaged.
FIQ's ghost barely misses you.
You bite FIQ's ghost!
FIQ's ghost is almost destroyed.
FIQ's ghost hits you.
* * * LOW HITPOINT WARNING * * *
You hit FIQ's ghost.
FIQ's ghost is almost destroyed.
FIQ's ghost hits you.
* * * LOW HITPOINT WARNING * * *
You barely miss FIQ's ghost.
FIQ's ghost is almost destroyed.
FIQ's ghost completely misses you.
You closely miss FIQ's ghost.
FIQ's ghost is almost destroyed.
FIQ's ghost completely misses you.
You barely miss FIQ's ghost.
FIQ's ghost is almost destroyed.
FIQ's ghost hits you!
You die...

#.####.#####.#
#
#............#
.
##.####.#####.#
. #.......# #.#
W #..###### #.#
. #.o# #.#
.###### #..#
#.# ..W...#
#..##########.#
.####.#
#...oWs.......#
. #.#
###.###########
. #.# #.# . #.#
#.# . #.# #.# .
#.# #.# . #.#
#.# ##.## #.#
#...######.#


You could see FIQ's ghost and an orc.

Vanquished Creatures
  A phantom (D:4)
  An ogre (D:4)
  A hound (D:4)
  An orc wizard (D:4)
  An iguana (D:4)
  2 worker ants (D:4)
  7 adders
  2 oozes
  A giant gecko (D:2)
  5 orcs
  2 ball pythons
  2 bats
  7 giant cockroaches
  3 goblins (D:1)
  4 hobgoblins
  4 jackals
  A quokka (D:2)
  4 giant newts
  4 kobolds
  8 rats
61 creatures vanquished.

Notes
Turn   | Place    | Note
--------------------------------------------------------------
     0 | D:1      | Oddball22 the Demonspawn Transmuter began the quest for the Orb.
     0 | D:1      | Reached XP level 1. HP: 15/15 MP: 3/3
   262 | D:1      | Gained mutation: You are immune to rotting. [demonic ancestry]
   262 | D:1      | Reached XP level 2. HP: 19/21 MP: 5/5
   472 | D:1      | Learned a level 2 spell: Sticks to Snakes
   790 | D:2      | Reached skill level 3 in Unarmed Combat
   823 | D:2      | Gained mutation: You are partially covered in iridescent scales (AC +4). [demonic ancestry]
   823 | D:2      | Reached XP level 3. HP: 11/26 MP: 4/6
   987 | D:2      | HP: 1/26 [poisoned by an adder]
  1800 | D:2      | Gained mutation: You are mostly covered in iridescent scales (AC +6). [demonic ancestry]
  1800 | D:2      | Reached XP level 4. HP: 27/32 MP: 5/7
  1806 | D:2      | Learned a level 3 spell: Spider Form
  2154 | D:3      | Found a faded altar to an unknown god.
  2549 | D:3      | Found a burning altar of Makhleb.
  2579 | D:3      | Found an iron altar of Okawaru.
  2636 | D:3      | Found a glowing silver altar of Zin.
  2664 | D:3      | Found a shattered altar of Ashenzari.
  3114 | D:4      | Found a shadowy altar of Dithmenos.
  3153 | D:4      | Noticed an ogre
  3165 | D:4      | Killed an ogre
  3165 | D:4      | Gained mutation: You have sharp toenails. [demonic ancestry]
  3165 | D:4      | Reached XP level 5. HP: 32/37 MP: 5/8
  3404 | D:4      | Reached skill level 4 in Transmutations
  3420 | D:4      | HP: 1/37 [orc wizard/spear (1)]
  3808 | D:4      | Noticed a phantom
  3861 | D:4      | Killed a phantom
  3861 | D:4      | Reached XP level 6. HP: 10/43 MP: 1/9
  4096 | D:4      | Got a dazzling ring mail
  4213 | D:4      | Found a staircase to the Ecumenical Temple.
  4222 | Temple   | Entered the Ecumenical Temple
  4263 | Temple   | Became a worshipper of Sif Muna the Loreminder
  4790 | D:4      | Learned a level 4 spell: Ice Form
  5111 | D:5      | Entered Level 5 of the Dungeon
  5177 | D:5      | Noticed an ice beast
  5226 | D:5      | Noticed FIQ's ghost (novice DsGl)
  5604 | D:5      | Slain by FIQ's ghost

Vault maps used:
D:1:      lightli_arrival_lavapool
D:2:      kennysheep_cross_room
D:3:      nicolae_overflow_quartered_altars, ecumenical_altar_1, first_bread
D:4:      nicolae_dithmenos_through_a_glass_darkly, temple_hall,
          serial_co_window_serial, co_window_corner_a,
          co_window_of_opportunity_a, co_window_paths_a, co_window_corner_a,
          co_window_of_opportunity_a, co_window_of_opportunity_a,
          co_window_paths_a, co_window_corner_a, co_window_cross_1,
          co_window_2corner, co_window_unsneaky_path_d,
          co_window_unsneaky_path_d, co_window_paths_c, co_window_cross_3,
          co_window_cross_2, glass_columns_a
D:5:      hangedman_feature_mirror
Temple:   circular_temple_12

Action                   |  1- 3 |  4- 6 || total
-------------------------+-------+-------++-------
Melee: Unarmed           |   133 |   215 ||   348
 Cast: Beastly Appendage |    10 |    12 ||    22
       Spider Form       |       |     4 ||     4
  Use: Potion            |     2 |       ||     2
       Scroll            |       |     3 ||     3
 Stab: Sleeping          |     3 |       ||     3
  Eat: Chunk             |     3 |     9 ||    12
       Fruit             |       |     2 ||     2
       Bread ration      |       |     1 ||     1
